 Dungeon Crawl Stone Soup version 0.14.0-7-g2801ba0 (webtiles) character file.

205 Qrupt the Poker (level 5, -1/43 HPs)
             Began as a Merfolk Gladiator on Apr 12, 2014.
             Slain by an orc wizard
             ... wielding a +0,+0 club
              (6 damage)
             ... on Level 3 of the Dungeon.
             The game lasted 00:06:37 (2182 turns).

Qrupt the Poker (Merfolk Gladiator)                 Turns: 2182, Time: 00:06:37

HP  -1/43        AC  4     Str 15      XL: 5   Next: 11%
MP   5/5         EV 13     Int  8      God:
Gold 78          SH  0     Dex 15      Spells:  0 memorised,  4 levels left

rFire  . . .     SeeInvis .     a - +0 trident
rCold  . . .     Clarity  .     b - +0 leather armour
rNeg   . . .     Conserve .     (no shield)
rPois  .         rCorr    .     c - +0 helmet
rElec  .         rRot     .     (no cloak)
SustAb . .       Spirit   .     (no gloves)
rMut   .         Warding  .     (no boots)
Saprov . . .     Stasis   .     (no amulet)
MR     .....                    (no ring)
                                (no ring)

@: not resistant to hostile enchantments, unstealthy
A: change form in water, swift swim
a: no special abilities


You were on level 3 of the Dungeon.
You were not hungry.

You visited 1 branch of the dungeon, and saw 3 of its levels.

You collected 78 gold pieces.

Inventory:

Hand weapons
 a - a +0,+0 trident (weapon)
Missiles
 d - 2 throwing nets (quivered)
 h - 8 javelins of penetration
Armour
 b - a +0 leather armour (worn)
 c - a +0 helmet (worn)
Comestibles
 f - 3 bread rations
 g - 2 apples
 q - a snozzcumber
 u - a meat ration
Scrolls
 e - 2 scrolls of blinking {unknown}
 i - a scroll of enchant armour {unknown}
 j - 2 scrolls of remove curse {unknown}
 l - a scroll of enchant weapon I {unknown}
 m - 5 scrolls of identify {unknown}
 p - a scroll of fog {unknown}
 r - 2 scrolls of teleportation {unknown}
Potions
 n - 2 potions of curing {unknown}
 o - 2 potions of haste {unknown}
 s - 2 potions of lignification {unknown}


   Skills:
 + Level 4.3 Fighting
 + Level 6.4 Polearms
 - Level 2.0 Throwing
 - Level 4.0 Dodging


You had 4 spell levels left.
You didn't know any spells.

Dungeon Overview and Level Annotations

Branches:
Dungeon (3/15)

Altars:


Message History

The orc barely misses you.
You barely miss something. Something hits you but does no damage.
The orc hits you with a dagger.
* * * LOW HITPOINT WARNING * * *
You miss something.
You hear some strange, mumbled words.
The magic dart hits you!
* * * LOW HITPOINT WARNING * * *
The orc hits you but does no damage. Something hits you but does no damage.
You miss something. Something hits you but does no damage.
The orc barely misses you.
You miss something. Something hits you.
* * * LOW HITPOINT WARNING * * *
The orc barely misses you. Something hits you but does no damage.
You closely miss something. The orc closely misses you.
Something barely misses you.
You barely miss something. Something hits you but does no damage.
The orc hits you but does no damage.
You hit something. Something hits you.
You die...

#.#....# # #..#.#.#%...#
#.. ........#
##..##.#.....## .
#.#......##....##.......#
#.#.....................#
# #.....................#
...... ##....##.......#
#.. .##..##.#.(...(#
#.#..#.#)#.....##
#.#....#@##......#
##.....o##.#.....#
#..........#.#....#
#............##...###
..............)#....#
................)...#
.....o...........#...?.#
###..F...######...#...#
#......# #...#...


You could see an orc.

Vanquished Creatures
  A gnoll (D:1)
  5 adders
  A giant gecko (D:1)
  An ooze (D:1)
  3 orcs (D:3)
  5 goblins
  6 hobgoblins
  10 jackals
  6 kobolds
  3 quokkas
  A ball python (D:1)
  10 bats
  3 giant cockroaches
  5 giant newts
  5 rats
65 creatures vanquished.

Notes
Turn   | Place    | Note
--------------------------------------------------------------
     0 | D:1      | Qrupt, the Merfolk Gladiator, began the quest for the Orb.
     0 | D:1      | Reached XP level 1. HP: 16/16 MP: 1/1
   246 | D:1      | Reached XP level 2. HP: 23/23 MP: 2/2
   304 | D:1      | Reached skill level 5 in Polearms
   485 | D:1      | Reached XP level 3. HP: 29/29 MP: 3/3
  1114 | D:2      | Reached XP level 4. HP: 31/35 MP: 4/4
  1305 | D:2      | Reached skill level 6 in Polearms
  1671 | D:3      | Noticed an elephant slug
  2007 | D:3      | Reached XP level 5. HP: 42/42 MP: 5/5
  2135 | D:3      | Noticed a giant frog
  2170 | D:3      | HP: 1/43 [orc wizard/puff of flame (9)]
  2182 | D:3      | Slain by an orc wizard

Action                   |  1- 3 |  4- 6 || total
-------------------------+-------+-------++-------
Melee: Trident           |   114 |   120 ||   234
Throw: Throwing net      |     1 |       ||     1
  Use: Potion            |       |     2 ||     2
 Stab: Held in net/web   |     1 |       ||     1
       Sleeping          |     1 |     2 ||     3
